 Dungeon Crawl Stone Soup version 0.30-a0-847-g17996783a1 (webtiles) character file.

Game seed: 7536019603872402469

513303 Orangeyouglad the Acrobat (level 26, -1/151 HPs)
             Began as a Kobold Hexslinger on Mar 2, 2023.
             Was the Champion of Hepliaklqana.
             Splashed by the Royal Jelly's acid (4 damage)
             ... on level 5 of the Pits of Slime on Mar 3, 2023.
             The game lasted 05:11:04 (73552 turns).

Orangeyouglad the Acrobat (Kobold Hexslinger)      Turns: 73552, Time: 05:11:04

Health: -1/151     AC: 10    Str:  7    XL:     26   Next: 93%
Magic:  0/43       EV: 38    Int: 27    God:    Hepliaklqana [******]
Gold:   2365       SH:  0    Dex: 22    Spells: 15/57 levels left

rFire   + + .      SeeInvis +    a - +7 arbalest (freeze)
rCold   + . .      Faith    .    (shield currently unavailable)
rNeg    . . .      Spirit   +    N - +2 robe {Archmagi}
rPois   +          Reflect  .    p - +2 helmet {SInv}
rElec   +          Rampage  .    U - +2 cloak {Stlth+}
rCorr   +          Archmagi +    x - +2 pair of gloves
Will    ++...                    e - +2 pair of boots {Fly}
Stlth   +++++++                  O - amulet of Huaqin {Spirit rF+ Regen+ Int+3}
HPRegen 1.25/turn                A - ring "Fiokogh" {rElec rCorr Int+2 Dex+2}
MPRegen 0.28/turn                b - ring of willpower

@: resistant, corroded, flying, studying 3 skills
A: reduced essence, small, no large weapons, nightstalker 3, evolution 1
}: 2/15 runes: serpentine, barnacled
a: Renounce Religion, Recall Ancestor, Ancestor Identity, Transference, Idealise


You were on level 5 of the Pits of Slime.
You worshipped Hepliaklqana.
Hepliaklqana was exalted by your worship.
You visited 10 branches of the dungeon, and saw 46 of its levels.
You also visited: Trove, Sewer, Ice Cave and Desolation.

You collected 5133 gold pieces.
You spent 2768 gold pieces at shops.

Inventory:

Hand Weapons
 a - a +7 arbalest of freezing (weapon)
Missiles
 F - a throwing net
Armour
 e - a +2 pair of boots of flying (worn)
 p - a +2 helmet of see invisible (worn)
 x - a +2 pair of gloves (worn)
 N - a +2 robe of the Archmagi (worn)
 U - a +2 cloak of stealth (worn)
Jewellery
 b - a ring of willpower (right hand)
 j - a ring of ice
 A - the ring "Fiokogh" (left hand) {rElec rCorr Int+2 Dex+2}
   (You found it in a treasure trove)

   [ring of resist corrosion]

   Int:       It affects your intelligence (+2).
   Dex:       It affects your dexterity (+2).
   rElec:     It insulates you from electricity.
   rCorr:     It protects you from acid and corrosion.
 G - a ring of willpower
 I - the ring "Veuj" {Int+3 Dex+6 SInv}
   (You bought it in a shop on level 2 of the Snake Pit)

   [ring of dexterity]

   Int:       It affects your intelligence (+3).
   Dex:       It affects your dexterity (+6).
   SInv:      It lets you see invisible.
 O - the amulet of Huaqin (around neck) {Spirit rF+ Regen+ Int+3}
   (You found it on level 1 of the Shoals)

   [amulet of guardian spirit]

   It causes incoming damage to be divided between your reserves of health and
   magic.
   Int:       It affects your intelligence (+3).
   rF:        It protects you from fire.
   Regen:     It increases your rate of health regeneration.
 P - a ring of fire
 Y - a ring of poison resistance
 Z - a ring of ice
Wands
 m - a wand of flame (23)
 o - a wand of mindburst (6)
 u - a wand of charming (10)
 v - a wand of iceblast (15)
Scrolls
 c - a scroll of brand weapon
 d - 14 scrolls of teleportation
 k - 14 scrolls of fog
 l - 4 scrolls of immolation
 r - 9 scrolls of vulnerability
 y - 8 scrolls of poison
 z - 2 scrolls of fear
 D - 4 scrolls of magic mapping
 L - 4 scrolls of silence
 Q - a scroll of torment
 V - 4 scrolls of amnesia
Potions
 f - 2 potions of mutation
 n - 7 potions of attraction
 q - 5 potions of ambrosia
 s - 4 potions of invisibility
 w - 13 potions of curing
 E - 2 potions of resistance
 J - 6 potions of lignification
 M - 6 potions of cancellation
 T - 6 potions of brilliance
Miscellaneous
 g - a phantom mirror (inert)
 h - a condenser vane
 i - a tin of tremorstones (2/2)
 B - a box of beasts
 S - a phial of floods


   Skills:
 - Level 18.0 Fighting
 + Level 22.7 Ranged Weapons
 + Level 7.8 Armour
 + Level 25.5 Dodging
 - Level 10.0 Stealth
 - Level 16.0 Spellcasting
 - Level 13.1 Hexes
 + Level 13.0 Summonings
 - Level 7.0 Translocations
 - Level 7.0 Transmutations
 - Level 8.0 Fire Magic
 - Level 8.0 Air Magic
 - Level 9.1 Invocations
 - Level 13.0 Evocations


You had 15 spell levels left.
You knew the following spells:

 Your Spells              Type           Power      Damage    Failure   Level
a - Slow                  Hex            100%       N/A       0%          1
b - Inner Flame           Hex/Fire       87%        N/A       1%          3
c - Portal Projectile     Hex/Tloc       100%       N/A       1%          3
d - Cause Fear            Hex            47%        N/A       1%          4
e - Summon Mana Viper     Hex/Summ       95%        N/A       1%          5
f - Blink                 Tloc           100%       N/A       1%          2
g - Summon Lightning Spi  Summ/Air       87%        N/A       1%          4
h - Summon Forest         Summ/Tloc      42%        N/A       1%          5
i - Yara's Violent Unrav  Hex/Tmut       42%        3d17      1%          5
j - Summon Guardian Gole  Hex/Summ       95%        N/A       1%          3
k - Enfeeble              Hex            47%        N/A       9%          7

Your spell library contained the following spells:

 Spells                   Type           Power      Damage    Failure   Level
 Summon Small Mammal      Summ           100%       N/A       0%          1
 Sting                    Tmut/Pois      100%       1d8       1%          1
 Lesser Beckoning         Tloc           100%       N/A       1%          2
 Momentum Strike          Conj/Tloc      100%       3d10      1%          2
 Passwall                 Tmut/Erth      47%        N/A       1%          2
 Static Discharge         Conj/Air       100%       2-7/arc   1%          2
 Call Canine Familiar     Summ           95%        N/A       1%          3
 Confusing Touch          Hex            95%        N/A       1%          3
 Gell's Gravitas          Tloc           73%        N/A       1%          3
 Ignite Poison            Fire/Tmut/Pois 64%        N/A       1%          3
 Kindle Blastsparks       Fire/Tloc/Air  100%       2d18      1%          3
 Teleport Other           Tloc           73%        N/A       1%          3
 Tukima's Dance           Hex            95%        N/A       1%          3
 Vhi's Electric Charge    Tloc/Air       100%       N/A       1%          3
 Airstrike                Air            38%        2d(6-22)  1%          4
 Anguish                  Hex/Necr       35%        N/A       1%          4
 Fulminant Prism          Conj/Hex       35%        3d17      1%          4
 Manifold Assault         Tloc           73%        N/A       1%          4
 Summon Ice Beast         Ice/Summ       71%        N/A       1%          4
 Freeze                   Ice            100%       1d10      2%          1
 Necrotise                Necr           100%       1d9       2%          1
 Sandblast                Erth           64%        2d14      2%          1
 Sublimation of Blood     Necr           32%        N/A       3%          2
 Blade Hands              Tmut           36%        N/A       3%          5
 Flame Wave               Conj/Fire      59%        2d14      4%          4
 Sticky Flame             Conj/Fire      59%        2d7       4%          4
 Iskenderun's Mystic Bla  Conj/Tloc      57%        2d12      5%          4
 Petrify                  Tmut/Erth      57%        N/A       5%          4
 Frozen Ramparts          Ice            64%        1d10      7%          3
 Hailstorm                Conj/Ice       32%        3d8       7%          3
 Stone Arrow              Conj/Erth      64%        3d11      7%          3
 Vampiric Draining        Necr           32%        2d8       7%          3
 Monstrous Menagerie      Summ           47%        N/A       10%         7
 Summon Hydra             Summ           47%        N/A       10%         7
 Arcjolt                  Conj/Air       29%        1d39      12%         5
 Lightning Bolt           Conj/Air       29%        1d46      12%         5
 Alistair's Intoxication  Tmut/Pois      38%        N/A       16%         5
 Irradiate                Conj/Tmut      28%        3d21      16%         5
 Dispersal                Tloc           36%        N/A       21%         6
 Animate Dead             Necr           32%        N/A       22%         4
 Agony                    Necr           32%        N/A       54%         5
 Iskenderun's Battlesphe  Conj           32%        2d8       54%         5
 Lee's Rapid Deconstruct  Erth           16%        3d10*     54%         5
 Conjure Ball Lightning   Conj/Air       29%        3x3d8     56%         6
 Discord                  Hex            47%        N/A       56%         8
 Eringya's Noxious Bog    Tmut/Pois      28%        N/A       63%         6
 Spellforged Servitor     Conj/Summ      35%        N/A       80%         7
 Iron Shot                Conj/Erth      16%        9d4       98%         6
 Ignition                 Fire           38%        3d11      99%         8
 Orb of Destruction       Conj           16%        9d7       100%        7
 Disjunction              Tloc           36%        N/A       100%        8
 Dragon's Call            Summ           47%        N/A       100%        9


Dungeon Overview and Level Annotations

Branches:
Dungeon (15/15)            Temple (1/1) D:4            Lair (5/5) D:8
 Shoals (4/4) Lair:3        Snake (4/4) Lair:2        Slime (5/5) Lair:4
    Orc (2/2) D:12            Elf (3/3) Orc:2        Vaults (5/5) D:14
  Crypt (0/3) Vaults:2     Depths (2/4) D:15          Sewer (visited)
  IceCv (visited)         Desolation (visited)

Altars:
Ashenzari
Cheibriados
Dithmenos
Elyvilon
Fedhas
Gozag
Hepliaklqana
Kikubaaqudgha
Makhleb
Nemelex Xobeh
Okawaru
Qazlal
Ru
Sif Muna
Trog
Uskayaw
Vehumet
Wu Jian
Xom
Yredelemnul
Zin
The Shining One
Jiyva
Lugonu

Shops:
Orc:2 :[(*   Shoals:2 :   Snake:1 [   Snake:2 =

Portals:
Hell: Depths:1 Depths:2
Abyss: Lair:5
Pandemonium: Depths:2
Ziggurat: Depths:2

Annotations:
Slime:5 Royal Jelly


Innate Abilities, Weirdness & Mutations

Your life essence is reduced to manifest your ancestor. (-10% HP)
You are small and have problems with some larger weapons.
You are completely attuned to the shadows.
You have hidden genetic potential.


Message History

The Royal Jelly hits you but does no damage.
The Royal Jelly completely misses you.
Fire: a) +7 arbalest (freeze)
Press: ? - help, Q - select action, (/) - cycle Shift-Dir - straight line, f/p - Royal Jelly
Aim: the Royal Jelly (thin mist, almost dead, lightly drained, 90% to hit)
Okay, then.
Fire: a) +7 arbalest (freeze)
Press: ? - help, Q - select action, (/) - cycle Shift-Dir - straight line, f/p - Royal Jelly
Aim: the Royal Jelly (thin mist, almost dead, lightly drained, 90% to hit)
You shoot a bolt. The bolt barely misses the Royal Jelly.
The azure jelly is engulfed in blazing flames.
The azure jelly jiggles.
The azure jelly hits Big Zig but does no damage.
The azure jelly hits Big Zig.
The azure jelly freezes Big Zig!
Big Zig resists.
The azure jelly hits Big Zig but does no damage.
Big Zig blocks the azure jelly's attack.
The rockslime completely misses you. The Royal Jelly completely misses you.
The Royal Jelly closely misses you.
Big Zig hits the azure jelly with a +0 broad axe of speed.
Big Zig hits the Royal Jelly with a +0 broad axe of speed!
Big Zig is burned by acid!
The Royal Jelly shudders.
The Royal Jelly spits out another jelly.
Really fly into that cloud of flame?
Okay, then.
Okay, then.
Really fly into that cloud of flame?
You swap places.
You are engulfed in blazing flames.
You resist.
* * * LOW HITPOINT WARNING * * *
The azure jelly is engulfed in blazing flames.
The azure jelly completely misses you. x2; The azure jelly barely misses you.
The azure jelly misses you. The Royal Jelly hits you!
* * * LOW HITPOINT WARNING * * *
You are splashed with acid.
You resist.
* * * LOW HITPOINT WARNING * * *
The Royal Jelly hits you!
* * * LOW HITPOINT WARNING * * *
You are splashed with acid.
You resist.
You die...

........## [!##..##[= ##.........
.......##(|}"$#.##?:)=)##........
.......# $=))##..##!)/!##........
.......# #))#)##.#[#!/# #........
.......########..########........
.......#...#...J....#...#........
.........#...#JJ_.#...#..........
.......########JR########........
.......# #([#}##@#[#![# #........
.......##?)["##.J##"=(?##........
.......##(|φ)=#§##?[}|$##........
........## [[##§.##!) ##.........
.........##! ##.# $!##..........
.........J## #J.# ##...........
...........####§####♣............
~~~~...........§.J...............
.~~~J.........JJ.J...............


You could see the friendly Big Zig the knight (reflecting), the Royal Jelly
(drained), an acid blob, an azure jelly (ally target) and 2 rockslimes.

Vanquished Creatures
  Vashnia (Snake:2)
  Jory (Vaults:3)
  16 acid blobs
  3 deep elf blademasters (Elf:3)
  A tengu reaver (Depths:2)
  The ghost of Busoho the Hoplite, an adept MiFi of Okawaru (Shoals:1)
  Polyphemus (Shoals:3)
  Agnes (Snake:1)
  A sphinx (Vaults:1)
  Frances (D:14)
  Kirke (D:12)
  12 azure jellies
  18 rockslimes
  A revenant (Depths:2)
  4 nagarajas
  The ghost of cforsyth the Unseen, an adept KoBr of Hepliaklqana (Snake:3)
  2 frost giants
  4 deep elf sorcerers (Elf:3)
  An imperial myrmidon (Desolation)
  2 fire giants
  8 vault wardens
  2 orc warlords
  3 deep elf elementalists (Elf:3)
  Louise (Elf:3)
  6 ironbound thunderhulks
  A stone giant (Depths:1)
  A reaper (IceCv)
  12 ironbound preservers
  16 quicksilver oozes
  2 very ugly things
  2 vampire knights (Depths:2)
  3 deep elf annihilators (Elf:3)
  5 dire elephants
  The ghost of TheSexyCheese the Grappler, a journeyman TrFi (Lair:3)
  An eidolon (Vaults:2)
  6 deep elf death magi
  2 merfolk javelineers
  3 merfolk impalers
  A jiangshi (Depths:2)
  3 deep elf high priests (Elf:3)
  An entropy weaver (Vaults:2)
  4 ice dragons
  5 hydras
  A crystal guardian (Desolation)
  Fannar (D:10)
  A ragged hierophant (Desolation)
  Harold (Lair:1)
  5 yaktaur captains
  3 servants of whispers (Desolation)
  6 vault guards
  Erolcha (D:13)
  2 catoblepae
  9 great orbs of eyes
  2 rakshasas
  3 peacekeepers (Desolation)
  5 anacondas
  Erica (D:11)
  4 ironbound frosthearts
  3 merfolk avatars
  10 boulder beetles
  An alligator snapping turtle (Shoals:3)
  A merfolk aquamancer (Shoals:4)
  A satyr (Shoals:4)
  17 centaur warriors
  5 naga warriors
  16 dancing weapons
  A vampire mage (Vaults:2)
  2 two-headed ogres
  12 death yaks
  4 tengu warriors (Depths:2)
  Urug (D:13)
  A deep troll earth mage (Depths:2)
  2 deep troll shamans
  2 orc high priests (Elf:1)
  A thrashing horror (Lair:5)
  4 naga sharpshooters
  7 deep elf knights
  8 shock serpents
  3 skysharks
  4 skeletal warriors
  The ghost of loam the Dealer of Despair, a novice DsHu of Kikubaaqudgha (D:6)
  A golden dragon zombie (Depths:2)
  8 salamander mystics
  8 sea snakes
  4 naga ritualists
  A flayed ghost (Depths:2)
  6 wizards
  25 deep trolls
  10 lindwurms
  A golden dragon skeleton (Depths:2)
  8 ironbound convokers
  6 mana vipers
  19 deep elf pyromancers
  8 orc knights
  An oklob plant (Lair:4)
  13 harpies
  8 deep elf archers
  15 deep elf zephyrmancers
  4 manticores
  14 ugly things
  A wolf spider (D:15)
  A frost giant zombie (Depths:2)
  4 orc sorcerers
  7 shining eyes
  9 salamanders
  4 cyclopes
  8 fauns
  A spectral merfolk (Shoals:1)
  5 guardian serpents
  An iron dragon skeleton (Depths:2)
  5 elephants
  5 water nymphs
  7 merfolk sirens
  21 black mambas
  A guardian serpent (shapeshifter) (D:15)
  A molten gargoyle (Desolation)
  2 eyes of devastation
  A gargoyle (D:14)
  12 naga magi
  A torpor snail (Lair:2)
  A black mamba (shapeshifter) (Lair:5)
  A smoke demon (Lair:5)
  8 vault sentinels
  An ice statue (IceCv)
  4 cane toads
  A rime drake (Lair:4)
  An unseen horror (D:12)
  An anaconda simulacrum (IceCv)
  A freezing wraith (IceCv)
  24 yaktaurs
  A tengu conjurer (Depths:2)
  13 merfolk
  A troll (D:12)
  4 polar bears
  2 ancient zymes (Lair:5)
  A tyrant leech (shapeshifter) (D:15)
  23 saltlings (Desolation)
  A tarantella (Vaults:2)
  15 blink frogs
  2 dream sheep (Lair:2)
  9 snapping turtles
  A spectral wind drake (Shoals:1)
  2 flying skulls (Depths:2)
  64 slime creatures
  2 air elementals
  A spriggan (Lair:5)
  5 wraiths
  13 water elementals
  2 fire elementals
  A dire elephant simulacrum (IceCv)
  5 basilisks
  2 ynoxinuls (Lair:5)
  36 yaks
  10 wyverns
  2 hogs (D:12)
  3 redbacks
  5 vampire mosquitoes
  6 small abominations (Lair:5)
  2 golden eyes (Slime:5)
  A steam dragon (D:8)
  A chaos spawn (Lair:5)
  2 wargs
  A sea snake simulacrum (Shoals:1)
  A harpy simulacrum (IceCv)
  35 nagas
  10 water moccasins
  4 floating eyes
  A large abomination (Lair:5)
  A nameless horror (D:13)
  A spectral snapping turtle (Shoals:1)
  A meliai simulacrum (D:12)
  20 orc warriors
  A sky beast (D:7)
  An ice beast (D:5)
  An ice beast (shapeshifter) (Lair:5)
  4 ogres
  A black bear (Lair:3)
  An ettin simulacrum (Depths:1)
  A boggart (Vaults:1)
  16 wolves
  14 centaurs
  2 lemures
  2 kobold brigands
  7 bullfrogs
  3 scorpions
  2 earth elementals
  7 two-headed ogre simulacra (IceCv)
  A merfolk simulacrum (Shoals:1)
  6 wights
  A manticore simulacrum (Shoals:1)
  2 killer bees (D:10)
  6 electric eels
  A lava snake (D:13)
  4 hounds
  14 orc priests
  A sleepcap (D:8)
  Terence (D:2)
  An iguana (D:5)
  14 orc wizards
  A polar bear simulacrum (IceCv)
  5 spriggan simulacra (IceCv)
  4 troll simulacra (IceCv)
  A wolf simulacrum (IceCv)
  8 gnolls
  9 adders
  6 naga simulacra (IceCv)
  2 white imps (IceCv)
  3 ufetubi
  2 worms
  A dart slug (D:2)
  47 orcs
  5 ball pythons
  5 endoplasms
  11 giant cockroaches
  5 goblins
  9 hobgoblins
  6 jackals
  14 kobolds
  5 quokkas
  3 bats
  10 frilled lizards
  7 rats
  4 snaplasher vines
1215 creatures vanquished.

Vanquished Creatures (collateral kills)
  Jorgrun (Shoals:3)
  A lich (Depths:2)
  A deep elf master archer (Elf:3)
  15 acid blobs
  A kraken (Shoals:3)
  2 sphinxes
  10 azure jellies
  A fire giant (Depths:1)
  A nagaraja (Snake:4)
  16 rockslimes
  A revenant (Depths:2)
  4 vault wardens
  4 frost giants
  A deep elf sorcerer (Elf:1)
  A deep elf elementalist (Elf:3)
  7 quicksilver oozes
  5 ironbound preservers
  A war gargoyle (Vaults:4)
  6 ironbound thunderhulks
  3 very ugly things
  A stone giant (Depths:1)
  2 vampire knights (Depths:2)
  2 deep elf demonologists (Elf:3)
  Azrael (Elf:2)
  A dire elephant (Vaults:1)
  A deep elf annihilator (Elf:3)
  An ettin (Depths:1)
  Snorg (Lair:4)
  3 crystal guardians
  A fire dragon (Depths:1)
  2 deep elf death magi
  2 deep elf high priests
  2 ragged hierophants (Desolation)
  3 merfolk javelineers (Shoals:4)
  3 merfolk impalers (Shoals:4)
  12 great orbs of eyes
  4 yaktaur captains (Vaults:4)
  2 entropy weavers
  4 jiangshi (Depths:2)
  2 rakshasas (Depths:2)
  2 spriggan zombies (Depths:2)
  A merfolk avatar (Shoals:4)
  4 ice dragons
  2 servants of whispers (Desolation)
  A spriggan air mage (Depths:2)
  A salamander tyrant (Snake:4)
  2 vault guards (Vaults:2)
  An ironbound frostheart (Vaults:2)
  A peacekeeper (Vaults:4)
  3 merfolk aquamancers
  A satyr (Shoals:3)
  5 death yaks
  9 centaur warriors
  3 boulder beetles
  A death knight (D:13)
  11 anacondas
  11 naga warriors
  A two-headed ogre (D:11)
  17 dancing weapons
  4 orc high priests
  2 tengu warriors
  A titan zombie (Depths:2)
  15 naga sharpshooters
  A thrashing horror (Lair:5)
  13 deep elf knights
  3 shock serpents
  2 salamander mystics (Snake:4)
  A titan skeleton (Depths:2)
  4 iron trolls
  3 sea snakes
  21 deep trolls
  5 naga ritualists
  A flayed ghost (Depths:2)
  8 deep elf archers
  2 glowing orange brains
  11 ironbound convokers
  Pikel (D:8)
  4 harpies
  A phantasmal warrior (D:13)
  A wizard (Vaults:3)
  An iron dragon zombie (Depths:2)
  19 deep elf pyromancers
  A necromancer (Depths:1)
  4 lindwurms
  3 orc knights (Orc:2)
  10 deep elf zephyrmancers
  A wolf spider (shapeshifter) (Vaults:1)
  4 fire giant zombies
  8 salamanders
  4 orc sorcerers
  9 ugly things
  A frost giant zombie (Depths:1)
  A wolf spider (D:15)
  6 mana vipers
  5 fauns
  3 cyclopes
  4 manticores
  3 shining eyes
  3 merfolk sirens
  A fire giant skeleton (Depths:2)
  A moth of wrath (Snake:3)
  2 elephants
  20 black mambas
  2 eyes of devastation
  8 guardian serpents
  6 vault sentinels
  8 naga magi
  A cane toad (Lair:5)
  An efreet (D:14)
  4 komodo dragons
  A rime drake (Lair:2)
  A tengu conjurer (D:13)
  11 yaktaurs
  2 trolls
  2 polar bears
  2 wind drakes
  11 merfolk
  A tarantella (Vaults:4)
  7 saltlings (Desolation)
  5 snapping turtles
  An ettin zombie (Depths:2)
  2 blink frogs
  A dream sheep (Lair:2)
  A large abomination (Lair:5)
  4 water elementals
  82 slime creatures
  A flying skull (Depths:2)
  2 air elementals (Elf:3)
  2 shadows (D:10)
  A wyvern (Lair:4)
  7 golden eyes
  3 fire elementals (Elf:2)
  A hog (D:12)
  3 basilisks
  18 yaks
  A human (D:14)
  A hog (shapeshifter) (Elf:1)
  A wraith (D:11)
  A steam dragon (D:9)
  4 vampire mosquitoes
  5 redbacks
  2 death yak simulacra (IceCv)
  A warg (Orc:2)
  An acid dragon (D:13)
  4 water moccasins
  A floating eye (Slime:2)
  2 hell hounds (Elf:2)
  26 nagas
  2 hydra simulacra (IceCv)
  15 orc warriors
  2 sky beasts
  A black bear (D:7)
  An ice beast (D:8)
  3 ogres
  7 wolves
  2 centaurs
  A lemure (D:8)
  A nameless horror (Orc:2)
  A kobold brigand (D:10)
  3 bullfrogs
  2 earth elementals (Elf:2)
  2 merfolk simulacra (Shoals:1)
  A two-headed ogre simulacrum (IceCv)
  A scorpion (D:5)
  4 wights
  3 small abominations (Lair:5)
  2 killer bees (D:10)
  A snapping turtle simulacrum (Shoals:1)
  An electric eel (D:8)
  A lava snake (D:13)
  A hound (D:7)
  A cyclops simulacrum (Shoals:1)
  4 orc priests
  A jelly (D:6)
  2 iguanas
  A sleepcap (D:6)
  8 orc wizards
  A spriggan simulacrum (IceCv)
  A polar bear simulacrum (IceCv)
  2 troll simulacra (IceCv)
  5 adders
  10 gnolls
  2 naga simulacra (IceCv)
  A white imp (IceCv)
  2 dart slugs
  40 orcs
  A ball python (D:4)
  An endoplasm (D:3)
  A goblin (D:3)
  A hobgoblin (D:3)
  2 jackals
  2 quokkas
  A frilled lizard (Sewer)
  8 kobolds
  A butterfly (Lair:1)
  2 tentacles (Shoals:3)
838 creatures vanquished.

Vanquished Creatures (others)
  2 acid blobs (Slime:4)
  A deep elf master archer (Elf:3)
  A vault warden (Vaults:3)
  A caustic shrike zombie (Depths:2)
  A vampire knight (Depths:2)
  A dire elephant (Vaults:2)
  A yaktaur captain (Vaults:4)
  An entropy weaver (Vaults:3)
  A salamander tyrant (Snake:4)
  A vault guard (Vaults:2)
  2 centaur warriors (Vaults:2)
  A naga sharpshooter (Snake:3)
  4 deep elf knights
  An ironbound convoker (Vaults:2)
  A lindwurm (Vaults:2)
  A deep elf zephyrmancer (Elf:2)
  A black mamba (Snake:1)
  4 yaktaurs
  5 slime creatures
  A flying skull (Depths:2)
  A naga (Snake:3)
  32 knights
  5 ancestors
  54 fungi
  180 plants
  13 snaplasher vines
  8 tentacles (Shoals:3)
  5 toadstools (Lair:4)
330 creatures vanquished.

Grand Total: 2383 creatures vanquished

Notes
Turn   | Place    | Note
-------+----------+-------------------------------------------
     0 | D:1      | Orangeyouglad the Kobold Hexslinger began the quest for the
                  | Orb.
     0 | D:1      | Reached XP level 1. HP: 12/12 MP: 2/2
   155 | D:1      | Reached XP level 2. HP: 16/16 MP: 3/3
   392 | D:1      | Reached XP level 3. HP: 20/20 MP: 5/5
   762 | D:1      | Reached skill level 3 in Dodging
   762 | D:1      | Reached XP level 4. HP: 12/26 MP: 6/6
   925 | D:1      | Learned a level 3 spell: Inner Flame
   987 | D:2      | Noticed Terence
  1148 | D:2      | Found a faded altar of an unknown god.
  1162 | D:2      | Prayed at the altar of an unknown god.
  1162 | D:2      | Became a worshipper of Hepliaklqana the Forgotten
  1162 | D:2      | Reached * piety under Hepliaklqana
  1193 | D:2      | Killed Terence
  1289 | D:2      | Reached XP level 5. HP: 14/27 MP: 6/8
  1758 | D:2      | Found Ifoxzan's Magic Scroll Shop.
  1763 | D:2      | Bought a scroll of identify for 24 gold pieces
  1763 | D:2      | Bought a scroll of identify for 24 gold pieces
  1781 | D:2      | Learned a level 3 spell: Portal Projectile
  2485 | D:4      | Noticed an ogre
  2518 | D:4      | Reached XP level 6. HP: 32/32 MP: 9/9
  2536 | D:4      | Found a staircase to the Ecumenical Temple.
  2637 | D:4      | HP: 1/33 [orc/+0 hand axe (5)]
  2737 | D:4      | Found a glowing drain.
  2740 | D:4      | Reached ** piety under Hepliaklqana
  2743 | Sewer    | Entered a sewer
  2769 | Sewer    | Remembered your ancestor Big Zig as a knight
  3045 | Sewer    | Reached skill level 4 in Dodging
  3047 | Sewer    | Reached XP level 7. HP: 6/36 MP: 11/11
  3494 | D:4      | Noticed a water moccasin
  3505 | D:4      | Reached skill level 5 in Ranged Weapons
  3576 | D:4      | Killed a water moccasin
  3577 | D:4      | Reached skill level 1 in Fire Magic
  3702 | D:4      | Found a sparkling altar of Nemelex Xobeh.
  3968 | D:4      | Learned a level 4 spell: Cause Fear
  3971 | D:5      | Entered Level 5 of the Dungeon
  4068 | D:5      | Reached skill level 5 in Dodging
  4068 | D:5      | Reached XP level 8. HP: 37/43 MP: 12/12
  4485 | D:5      | Reached skill level 5 in Hexes
  5215 | D:6      | Reached skill level 5 in Fighting
  5215 | D:6      | Reached skill level 6 in Dodging
  5380 | D:6      | Reached XP level 9. HP: 48/48 MP: 13/13
  5527 | D:6      | Reached skill level 1 in Invocations
  5637 | D:6      | Reached *** piety under Hepliaklqana
  5638 | D:6      | Found a runed translucent gate.
  5639 | D:6      | Found a runed translucent gate.
  5640 | D:6      | Found a runed translucent gate.
  5656 | D:6      | Noticed loam's ghost (novice DsHu)
  6679 | D:7      | Found a broken altar of Ashenzari.
  7075 | D:7      | Reached skill level 7 in Dodging
  7396 | D:8      | Reached XP level 10. HP: 54/54 MP: 14/14
  7739 | D:8      | Found a burning altar of Makhleb.
  7804 | D:8      | Noticed Pikel
  8013 | D:8      | Reached **** piety under Hepliaklqana
  8016 | D:8      | Noticed a komodo dragon
  8017 | D:8      | Found a staircase to the Lair.
  8046 | D:8      | Killed a komodo dragon
  8148 | D:8      | Reached skill level 8 in Dodging
  8777 | D:8      | Killed Pikel
  8778 | D:8      | Reached skill level 5 in Invocations
  8851 | Lair:1   | Entered Level 1 of the Lair of Beasts
  8969 | Lair:1   | Reached XP level 11. HP: 50/61 MP: 10/15
  9220 | Lair:1   | Reached skill level 10 in Ranged Weapons
  9220 | Lair:1   | Reached skill level 9 in Dodging
  9517 | Lair:1   | Noticed Harold
  9574 | Lair:1   | Killed Harold
  9575 | Lair:1   | Reached skill level 10 in Dodging
 10502 | Lair:2   | Reached skill level 1 in Translocations
 10652 | Lair:2   | Reached XP level 12. HP: 59/68 MP: 12/16
 10981 | Lair:2   | Found a staircase to the Snake Pit.
 11076 | Lair:2   | Reached ***** piety under Hepliaklqana
 11728 | Lair:3   | Reached skill level 11 in Dodging
 11773 | Lair:3   | Reached skill level 10 in Fighting
 11877 | Lair:3   | Found a staircase to the Shoals.
 11928 | Lair:3   | Found a frozen archway.
 11929 | Lair:3   | Noticed a death yak
 11944 | Lair:3   | Noticed a death yak
 11945 | Lair:3   | Noticed a death yak
 11960 | Lair:3   | Killed a death yak
 11972 | Lair:3   | Killed a death yak
 11976 | Lair:3   | Killed a death yak
 11999 | IceCv    | Entered an ice cave
 12068 | IceCv    | Reached skill level 10 in Hexes
 12431 | IceCv    | Reached XP level 13. HP: 74/74 MP: 17/17
 13157 | IceCv    | Reached skill level 1 in Evocations
 13226 | IceCv    | Noticed a reaper
 13320 | IceCv    | Killed a reaper
 13321 | IceCv    | Reached skill level 5 in Translocations
 13817 | Lair:3   | Reached skill level 12 in Dodging
 13993 | Lair:3   | Found a runed translucent door.
 13994 | Lair:3   | Found a shimmering altar of Xom.
 13994 | Lair:3   | Noticed TheSexyCheese's ghost (journeyman TrFi)
 13995 | Lair:3   | Identified the +1 trident of the Fabulous God {chaos,
                  | Dex+2}
 14426 | D:2      | Bought a scroll of acquirement for 624 gold pieces
 14426 | D:2      | Bought a scroll of fear for 48 gold pieces
 14427 | D:2      | Acquired a +2 arbalest of freezing
 14652 | D:6      | Killed loam's ghost
 14653 | D:6      | Reached skill level 1 in Stealth
 14994 | Lair:4   | Noticed Snorg
 15405 | Lair:4   | Found a viscous altar of Jiyva.
 15406 | Lair:4   | Found a staircase to the Slime Pits.
 15464 | Lair:4   | Noticed a six-headed hydra
 15477 | Lair:4   | Killed a six-headed hydra
 15704 | Lair:4   | Learned a level 3 spell: Confusing Touch
 15718 | Lair:4   | Noticed a four-headed hydra
 15728 | Lair:4   | Killed a four-headed hydra
 15901 | Lair:4   | Reached skill level 5 in Evocations
 16026 | Lair:4   | Identified the +5 hand axe of Qazlal, Mauling {heavy, Drain
                  | rC+ MP+9}
 16219 | Lair:4   | Reached skill level 5 in Spellcasting
 16425 | Lair:4   | Reached XP level 14. HP: 53/81 MP: 17/21
 16436 | Lair:4   | Killed Snorg
 16437 | Lair:4   | Reached skill level 5 in Stealth
 16630 | Lair:4   | Reached skill level 13 in Dodging
 17077 | Lair:4   | Found a runed translucent door.
 17364 | Lair:4   | Learned a level 2 spell: Blink
 17375 | Lair:4   | Learned a level 4 spell: Summon Lightning Spire
 17467 | Lair:5   | Entered Level 5 of the Lair of Beasts
 17559 | Lair:4   | Reached skill level 1 in Summonings
 18446 | Lair:5   | Reached skill level 15 in Ranged Weapons
 18812 | Lair:5   | Reached skill level 14 in Dodging
 18833 | Lair:5   | Reached skill level 1 in Air Magic
 19217 | Lair:5   | Reached XP level 15. HP: 63/84 MP: 19/22
 19274 | Lair:5   | Found a corrupted altar of Lugonu.
 19277 | Lair:5   | Found a one-way gate to the infinite horrors of the Abyss.
 19964 | D:9      | Found a shimmering blue altar of Sif Muna.
 19970 | D:9      | Found an ancient bone altar of Kikubaaqudgha.
 19979 | D:9      | Got Kikubaaqudgha's Spellbook of Lamentation
 19987 | D:9      | Found a radiant altar of Vehumet.
 20765 | D:9      | Found a faded altar of an unknown god.
 20770 | D:9      | Found a shimmering altar of Xom.
 20777 | D:9      | Found an iron altar of Okawaru.
 20778 | D:9      | Found a hide-covered altar of Uskayaw.
 20783 | D:9      | Found an ornate altar of the Wu Jian Council.
 20911 | D:10     | Entered Level 10 of the Dungeon
 21214 | D:10     | Noticed Fannar
 21237 | D:10     | Killed Fannar
 21674 | D:10     | Found a bloodstained altar of Trog.
 21762 | D:10     | Reached skill level 5 in Summonings
 21791 | D:10     | Found a blossoming altar of Fedhas.
 23019 | D:11     | Noticed Erica
 23023 | D:11     | Killed Erica
 23425 | D:12     | Noticed Kirke
 23436 | D:12     | Killed Kirke
 23690 | D:12     | Found a staircase to the Orcish Mines.
 24174 | D:12     | Reached skill level 15 in Dodging
 24811 | D:13     | Reached skill level 5 in Air Magic
 25229 | D:13     | Noticed Urug
 25243 | D:13     | Killed Urug
 25722 | D:13     | Noticed Erolcha
 25728 | D:13     | Killed Erolcha
 26136 | D:14     | Noticed Frances
 26150 | D:14     | Killed Frances
 26151 | D:14     | Reached XP level 16. HP: 90/90 MP: 16/23
 26338 | D:14     | Reached skill level 16 in Dodging
 26338 | D:14     | Reached XP level 17. HP: 93/93 MP: 24/24
 26346 | D:14     | Learned a level 5 spell: Summon Mana Viper
 26717 | D:14     | Found a glowing silver altar of Zin.
 27031 | D:14     | Found a gate to the Vaults.
 27201 | D:15     | Entered Level 15 of the Dungeon
 27787 | D:15     | Found a staircase to the Depths.
 28656 | Orc:1    | Entered Level 1 of the Orcish Mines
 28935 | Orc:2    | Entered Level 2 of the Orcish Mines
 29097 | Orc:2    | Found Surphee's Antique Weapon Shoppe.
 29498 | Orc:2    | Found Vuadian's General Store.
 29544 | Orc:2    | Found Hurapra's Antique Armour Emporium.
 29885 | Orc:2    | Found a staircase to the Elven Halls.
 29941 | Orc:2    | Found Guinofah's Book Shoppe.
 30401 | Orc:2    | Bought a book of Maledictions for 442 gold pieces
 30702 | D:2      | Bought a scroll of enchant armour for 90 gold pieces
 30702 | D:2      | Bought a scroll of fear for 48 gold pieces
 30702 | D:2      | Bought a scroll of teleportation for 36 gold pieces
 30723 | D:2      | Bought 2 scrolls of blinking for 180 gold pieces
 30981 | Shoals:1 | Entered Level 1 of the Shoals
 31039 | Shoals:1 | Reached skill level 5 in Fire Magic
 31147 | Shoals:1 | Reached skill level 17 in Dodging
 31257 | Shoals:1 | Found a runed translucent gate.
 31260 | Shoals:1 | Found a runed translucent gate.
 31261 | Shoals:1 | Found a runed translucent gate.
 32284 | Shoals:1 | Noticed Busoho's ghost (adept MiFi)
 32322 | Shoals:1 | Killed Busoho's ghost
 32323 | Shoals:1 | Reached XP level 18. HP: 72/100 MP: 16/25
 32341 | Shoals:1 | Identified the amulet of Huaqin {Spirit rF+ Regen+ Int+3}
 32773 | Shoals:2 | Found Julol's Book Shoppe.
 33742 | Shoals:2 | Identified the +9 chain mail of Wuagy {rF+ rC++ Regen+
                  | Str-2}
 33982 | Shoals:3 | Reached ****** piety under Hepliaklqana
 34247 | Shoals:3 | Noticed Jorgrun
 34258 | Shoals:3 | Killed Jorgrun
 34389 | Shoals:3 | Reached skill level 10 in Summonings
 35039 | Shoals:3 | Noticed a kraken
 35397 | Shoals:3 | Noticed Polyphemus
 35419 | Shoals:3 | Killed Polyphemus
 35831 | Shoals:3 | Killed a kraken
 35953 | Shoals:4 | Entered Level 4 of the Shoals
 36499 | Shoals:4 | Got the Elucidation of Productive Pollution
 37319 | Shoals:4 | Reached skill level 18 in Dodging
 37474 | Shoals:4 | Reached skill level 10 in Evocations
 37478 | Shoals:4 | Reached skill level 1 in Armour
 37478 | Shoals:4 | Reached XP level 19. HP: 94/108 MP: 6/28
 37483 | Shoals:4 | Got a barnacled rune of Zot
 38222 | D:8      | Reached XP level 20. HP: 112/112 MP: 28/30
 38319 | Snake:1  | Entered Level 1 of the Snake Pit
 38473 | Snake:1  | Noticed Agnes
 38481 | Snake:1  | Killed Agnes
 38482 | Snake:1  | Reached skill level 5 in Armour
 38488 | Snake:1  | Learned a level 5 spell: Summon Forest
 38744 | Snake:1  | Found Ahamet's Armour Shoppe.
 39712 | Snake:2  | Noticed Vashnia
 39727 | Snake:2  | Killed Vashnia
 40064 | Snake:2  | Found Eteedal's Jewellery Shop.
 41090 | Snake:3  | Identified the +10 falchion of Yrchalik {heavy, rCorr
                  | Stlth+}
 41327 | Snake:3  | Reached skill level 19 in Dodging
 41462 | Snake:3  | Learned a level 5 spell: Yara's Violent Unravelling
 41537 | Snake:3  | Reached skill level 15 in Fighting
 41537 | Snake:3  | Reached skill level 1 in Transmutations
 41941 | Snake:3  | Found a transporter.
 41965 | Snake:3  | Found a transporter.
 41986 | Snake:3  | Noticed cforsyth's ghost (adept KoBr)
 42108 | Snake:4  | Entered Level 4 of the Snake Pit
 42222 | Snake:4  | Reached XP level 21. HP: 108/120 MP: 19/33
 42766 | Snake:4  | Found a shimmering blue altar of Sif Muna.
 43562 | Snake:4  | Reached skill level 5 in Transmutations
 43764 | Snake:4  | Got a serpentine rune of Zot
 44337 | Lair:3   | Killed TheSexyCheese's ghost
 44538 | Snake:3  | Reached skill level 20 in Dodging
 44562 | Snake:3  | Identified the ring "Dousig" {Dex+6 Stlth+}
 44576 | Snake:3  | Killed cforsyth's ghost
 45464 | Elf:1    | Entered Level 1 of the Elven Halls
 45920 | Elf:1    | Paralysed by an air elemental for 1 turns
 46015 | Elf:1    | Reached XP level 22. HP: 126/126 MP: 32/34
 46338 | Elf:1    | Found a radiant altar of Vehumet.
 47772 | Elf:2    | Noticed Azrael
 47779 | Elf:2    | Killed Azrael
 47970 | Elf:2    | Found a runed translucent gate.
 47971 | Elf:2    | Found a runed translucent gate.
 47971 | Elf:2    | Found a runed translucent gate.
 48213 | Elf:2    | Reached skill level 21 in Dodging
 48822 | Elf:3    | Entered Level 3 of the Elven Halls
 48829 | Elf:3    | Paralysed by an air elemental for 1 turns
 48925 | Elf:3    | Paralysed by an air elemental for 1 turns
 48927 | Elf:3    | Paralysed by an air elemental for 1 turns
 48930 | Elf:3    | Paralysed by an air elemental for 1 turns
 50001 | Elf:3    | Reached XP level 23. HP: 127/127 MP: 36/36
 50085 | Elf:3    | Identified the +4 flail of Defiance {freeze, rCorr}
 50344 | Elf:3    | Identified the +3 trident of Kosampec {pain, rF++ Int-3}
 50415 | Elf:3    | Got the Spellbook of Dimensional Lamentation
 50450 | Elf:3    | Identified the +0 robe of the Kraken {Rampage rF- rC+++
                  | rN+}
 50918 | Elf:3    | Noticed Louise
 50930 | Elf:3    | Killed Louise
 51511 | Snake:2  | Bought the ring "Veuj" {Int+3 Dex+6 SInv} for 856 gold
                  | pieces
 51696 | Slime:1  | Entered Level 1 of the Pits of Slime
 52040 | Vaults:1 | Entered Level 1 of the Vaults
 52787 | Vaults:1 | Reached skill level 10 in Stealth
 52818 | Vaults:1 | Reached skill level 22 in Dodging
 53642 | Vaults:1 | Learned a level 3 spell: Summon Guardian Golem
 54757 | Vaults:2 | Found a staircase to the Crypt.
 54763 | Vaults:2 | Reached skill level 10 in Spellcasting
 54827 | Vaults:2 | Reached XP level 24. HP: 136/136 MP: 37/37
 56015 | Vaults:3 | Reached skill level 23 in Dodging
 57059 | Vaults:3 | Noticed Jory
 57071 | Vaults:3 | Killed Jory
 57376 | Vaults:4 | Found a crumbling gateway.
 57383 | Desolati | Entered the Desolation of Salt
 57617 | Desolati | Identified the amulet of Conformity {RegenMP rF- Int-4
                  | Slay+5 Stlth+}
 57623 | Desolati | Identified the +2 robe "Nahyh" {Regen+ Slay+2 SInv}
 57628 | Desolati | Got Sif Muna's Collected Works on Violence and Bewitchment
 57835 | Desolati | Identified the ring of Coquh {AC+4 Stlth+}
 57840 | Desolati | Identified the +4 long sword of Giojufoo {heavy, Str+2
                  | Dex+3}
 58010 | Desolati | Identified the amulet "Ybofynos" {RegenMP Slay+2}
 58774 | D:8      | Upgraded the game from 0.30-a0-845-g7c6808c8ce to
                  | 0.30-a0-847-g17996783a1
 58797 | D:8      | Learned a level 7 spell: Enfeeble
 59098 | Vaults:4 | Reached XP level 25. HP: 144/144 MP: 38/38
 59411 | Vaults:4 | Found a portal to a secret trove of treasure.
 59988 | Vaults:4 | Reached skill level 24 in Dodging
 60773 | Vaults:5 | Entered Level 5 of the Vaults
 61409 | Temple   | Entered the Ecumenical Temple
 63105 | Vaults:4 | You paid a toll of a +6 demon trident to enter a treasure
                  | trove
 63106 | Trove    | Entered a treasure trove
 63182 | Trove    | Identified the ring "Fiokogh" {rElec rCorr Int+2 Dex+2}
 63244 | Trove    | Found the +3 warlock's mirror {omnireflect}
 63246 | Trove    | Identified the +6 spear of the Hairy God {protect, Fly rC-
                  | Int+2}
 63248 | Trove    | Identified the ring "Plog" {*Corrode rF+ rN+ Str+2 Int+6}
 63277 | Trove    | Identified the amulet of Music {Reflect rC+ rN+ Will- Str+4
                  | SH+5}
 64113 | D:2      | Bought a scroll of enchant weapon for 90 gold pieces
 64116 | D:2      | Bought a scroll of vulnerability for 48 gold pieces
 64116 | D:2      | Bought 3 scrolls of immolation for 144 gold pieces
 64116 | D:2      | Bought a scroll of silence for 114 gold pieces
 66330 | Slime:3  | Paralysed by a floating eye for 2 turns
 66721 | Slime:4  | Reached XP level 26. HP: 150/150 MP: 30/41
 67486 | Slime:5  | Entered Level 5 of the Pits of Slime
 67760 | Slime:4  | Reached skill level 25 in Dodging
 67760 | Slime:4  | Reached skill level 15 in Spellcasting
 68363 | Slime:5  | Noticed the Royal Jelly
 68772 | Slime:5  | Paralysed by a floating eye for 3 turns
 69178 | Slime:3  | Gained mutation: You have hidden genetic potential. [a
                  | shining eye]
 69994 | Depths:1 | Entered Level 1 of the Depths
 70254 | Depths:1 | Found a radiant altar of Vehumet.
 70470 | Depths:1 | Found a shimmering altar of Xom.
 70470 | Depths:1 | Found a glowing silver altar of Zin.
 70470 | Depths:1 | Found a stormy altar of Qazlal.
 70474 | Depths:1 | Found a radiant altar of Vehumet.
 70474 | Depths:1 | Found a shimmering altar of Xom.
 70475 | Depths:1 | Found a bloodstained altar of Trog.
 71222 | Depths:1 | Found a gateway to Hell.
 71267 | Depths:1 | You are sucked into a shaft and drop 1 floor!
 72205 | Depths:2 | Identified the +2 robe of the Eagle {+Blink}
 72291 | Depths:2 | Found a one-way gate leading to the halls of Pandemonium.
 72404 | Depths:2 | Found a one-way gateway to a ziggurat.
 73268 | Slime:5  | Found a viscous altar of Jiyva.
 73552 | Slime:5  | HP: 3/151 [the Royal Jelly (8)]
 73552 | Slime:5  | Splashed by the Royal Jelly's acid

Illustrated notes

Levels and vault maps discovered:
D:1:      sevenhm_arrival_forest_fort_small_6, layout_rooms, serial_park_tiny_1
D:2:      layout_rooms, chequers_ecumenical_altar_island, serial_shops,
          shop_statue, uniq_terence
D:3:      layout_loops_ring
D:4:      layout_cave_pools, nemelex_spade_bored_becter,
          minmay_temple_entry_mini_moons, portal_sewer_entry_f
D:5:      layout_basic
D:6:      layout_loops_corners, biasface_ghost_orc_armoury
D:7:      layout_loops_cross, cheibrodos_ashenzari_chains,
          serial_co_window_serial, co_window_paths_a, co_window_corner_a,
          co_window_paths_a, co_window_corner_a, co_window_corner_a,
          co_window_broadway_b, co_window_corner_b, co_window_corner_ca,
          co_window_cross_2, co_window_paths_d, glass_columns_a, glass_columns_b
D:8:      layout_loops_ring, mainiacjoe_overflow_24_doors, david_lair_shrubbed,
          minivault_4, uniq_pikel
D:9:      layout_basic, palyth_temple_overflow_mages,
          chequers_temple_overflow_minitemple
D:10:     layout_loops_ring, trog_butcher_becter, mainiacjoe_overflow_paths,
          serial_glass, glass_columns_b, glass_columns_a, glass_columns_a,
          glass_columns_a, uniq_fannar
D:11:     layout_stronghold, uniq_erica
D:12:     layout_irregular_city, orc_0_dummy, uniq_kirke
D:13:     layout_big_octagon, serial_column_ruins, column_ruins_circle_small,
          column_ruins_open_medium, column_ruins_corridor_corner,
          column_ruins_columns_straight, column_ruins_open_large,
          column_ruins_open_medium, column_ruins_open_medium,
          column_ruins_grid_1, uniq_urug, uniq_erolcha
D:14:     layout_roguey, grunt_vaults_entry_fortified, zin_angel,
          bh_walls_and_bars, uniq_frances
D:15:     hangedman_depths_entry_try_elsewhere_first, layout_long_grid,
          chequers_serial_rivers_small_3, nicolae_sextant
Temple:   hellmonk_temple_rainy
Lair:1:   layout_layer_cave, lemuel_fruit_fields, uniq_harold
Lair:2:   layout_long_grid, guppyfry_snake_entry_garden, lemuel_fruit_tree
Lair:3:   layout_concentric_octagons, minmay_shoals_entry_centaurs,
          portal_ice_cave_entry_pillars_2, ebering_ghost_xom
Lair:4:   gammafunk_lair_enchanted_lake, layout_gridlike,
          dpeg_slime_entry_corner, nicolae_quartered_pool_medium, st_stairs_7,
          beast_lair_carwin_10, lemuel_fruit_fields, uniq_snorg
Lair:5:   hellmonk_lair_end_abyssal_woods, layout_layer_cave
Shoals:1: layout_shoals, gammafunk_ghost_necromancy
Shoals:2: layout_shoals, serial_shops, shop, hangedman_shoals_cup_caves
Shoals:3: layout_shoals, ldierk_geyser, uniq_polyphemus, uniq_jorgrun
Shoals:4: shoals_end_grunt_ice, layout_shoals
Snake:1:  layout_misc_corridors, serial_shops, shop,
          hangedman_snake_corridor_cut, grunt_megastairs_4, uniq_agnes
Snake:2:  layout_grid_shapes, serial_shops, nicolae_shop_hallway_stairs,
          hangedman_snake_wide_pillar_pass, st_stairs_4, grunt_megastairs_5,
          uniq_vashnia
Snake:3:  layout_misc_corridors, gammafunk_ghost_berserking_beasts,
          nicolae_elevator_lobby_plus
Snake:4:  johnstein_snake_rune_scales, layout_onion, basic_altar,
          serial_bayou_shore_a
Slime:1:  layout_caves
Slime:2:  cheibrodos_slime_lost_civilization_2, layout_caves, special_room
          [special_room_jelly]
Slime:3:  layout_caves, nicolae_slime_getting_an_eyeful
Slime:4:  layout_caves, nicolae_slime_rock_hall_of_fame
Slime:5
Orc:1:    layout_diamond_mine, basic_altar
Orc:2:    grunt_orc_gardens, layout_caves, grunt_orc_garden, grunt_orc_garden,
          grunt_orc_garden, grunt_orc_garden, minmay_orc_barracks
Elf:1:    nicolae_elf_arrival_no_cutting_in_line, layout_gridlike, basic_altar,
          hangedman_elf_represent, dreamdust_mushroom_princess
Elf:2:    nicolae_elf_blades_crystal_corner, layout_geoelf_grid, uniq_azrael
Elf:3:    minmay_elf_hall_furrowed, layout_onion_city, uniq_louise
Vaults:1: hangedman_vaults_corner_blocks, hangedman_vaults_pinch,
          vaults_room_fours, ontoclasm_vaults_eye, st_smaller_cells,
          nicolae_vaults_triangles, nicolae_vaults_little_ls, v_misc_13,
          v_pattern_1, nicolae_vaults_network_periphery, vaults_dpeg_ring,
          ontoclasm_vaults_ring_small, nicolae_vaults_theta,
          layout_vaults_omnibox
Vaults:2: v_rooms_6, nicolae_vaults_good_morning_starshine,
          vaults_room_semicircle, v_misc_11, minmay_crypt_entry_simple_round,
          nicolae_vaults_network_barrier, v_misc_14, hangedman_vaults_maws,
          vaults_room_pools, dpeg_vaults_monster_box, layout_vaults_chaotic_city
Vaults:3: vaults_dpeg_hooks, vaults_room_hallway, hangedman_vaults_cutoff,
          v_misc_33, hangedman_vaults_nodes, vaults_mumra_minichess_inversion,
          hangedman_vaults_restitches, hangedman_vaults_locks,
          layout_vaults_ring, uniq_jory
Vaults:4: portal_desolation_entry_ruin, ontoclasm_vaults_fault,
          hangedman_vaults_corner_blocks, nicolae_vaults_yaktaur_gun_rack,
          v_misc_33, vaults_room_boxed, ontoclasm_vaults_gateway,
          nicolae_vaults_ninety_degrees, v_alt_pattern_6, v_misc_23,
          ontoclasm_vaults_pinch, vaults_mumra_hex,
          ontoclasm_vaults_loading_screen, nicolae_vaults_rhombus_7,
          layout_vaults_maze_snakey, nicolae_trove_entry_isolated
Vaults:5: uniq_bai_suzhen
Depths:1: layout_cave_shapes, hangedman_geh_valley, doesnt_xom_only_xom,
          nicolae_two_hexagons, vehumet_crystals
Depths:2: hangedman_screamer, layout_cave_pools, enter_ziggurat_d,
          roderic_roman_lattice, pan_entry, hell_entry

Skill      XL: |  1  2  3  4  5  6  7  8  9 10 11 12 13 14 15 16 17 18 19 20 21 22 23 24 25 26 |
---------------+-------------------------------------------------------------------------------+-----
Ranged Weapons | 3 4 5 6 8 9 11 12 14 15 16 17 18 19 20 21 22 | 22.7
Dodging        | 3 4 5 6 7 8 10 11 12 14 15 16 17 18 19 20 21 22 23 24 25 | 25.5
Fighting       | 2 3 4 5 6 7 9 10 11 13 15 16 17 18 | 18.0
Spellcasting   | 2 3 5 6 8 9 10 11 14 16 | 16.0
Hexes          | 4 5 6 7 9 10 11 12 13 | 13.1
Fire Magic     | 1 3 5 6 7 8 |  8.0
Invocations    | 3 5 6 7 8 9 |  9.1
Translocations | 1 4 5 7 |  7.0
Evocations     | 5 8 10 11 12 13 | 13.0
Stealth        | 4 6 7 8 10 | 10.0
Summonings     | 4 7 9 10 11 12 13 | 13.0
Air Magic      | 2 5 6 7 8 |  8.0
Armour         | 1 4 5 7 |  7.8
Transmutations | 2 5 7 |  7.0

Action                     |  1- 3 |  4- 6 |  7- 9 | 10-12 | 13-15 | 16-18 | 19-21 | 22-24 | 25-27 || total
---------------------------+-------+-------+-------+-------+-------+-------+-------+-------+-------++-------
   Fire: Sling             |    74 |   186 |   234 |       |       |       |       |       |       ||   494
         Shortbow          |       |       |    15 |   482 |    95 |       |       |       |       ||   592
         Arbalest          |       |       |       |       |   675 |   773 |   647 |   889 |   681 ||  3665
   Cast: Slow              |    10 |    10 |       |    33 |     3 |     4 |       |       |       ||    60
         Inner Flame       |       |       |       |    11 |    22 |    10 |     5 |    18 |     9 ||    75
         Cause Fear        |       |       |       |       |     4 |       |     2 |     1 |     4 ||    11
         Portal Projectile |       |       |       |       |     3 |     6 |     4 |     3 |    11 ||    27
         Confusing Touch   |       |       |       |       |     1 |       |       |       |       ||     1
         Blink             |       |       |       |       |     3 |       |     1 |     1 |     4 ||     9
         Summon Lightning  |       |       |       |       |     1 |    26 |    20 |    23 |    23 ||    93
         Summon Mana Viper |       |       |       |       |       |    20 |    19 |    19 |    24 ||    82
         Summon Forest     |       |       |       |       |       |       |     6 |     4 |    18 ||    28
         Yara's Violent Un |       |       |       |       |       |       |     6 |    28 |     3 ||    37
         Summon Guardian G |       |       |       |       |       |       |       |    11 |    25 ||    36
         Enfeeble          |       |       |       |       |       |       |       |       |     4 ||     4
 Invoke: Ancestor Identity |       |     2 |       |       |       |       |       |       |       ||     2
         Ancestor Life: Kn |       |     1 |       |       |       |       |       |       |       ||     1
         Recall Ancestor   |       |       |       |     4 |     7 |     3 |     2 |     8 |     3 ||    27
         Transference      |       |       |       |     3 |     8 |     3 |     2 |     4 |     9 ||    29
         Idealise          |       |       |       |     2 |     2 |     1 |     3 |       |     2 ||    10
  Evoke: Wand              |       |     4 |     8 |    15 |    38 |     1 |     8 |       |     2 ||    76
         Box of beasts     |       |       |       |       |     2 |       |     1 |     2 |     2 ||     7
         Phial of floods   |       |       |       |       |     2 |       |     1 |     1 |     2 ||     6
         Tin of tremorston |       |       |       |       |       |       |     4 |     2 |     4 ||    10
         Condenser vane    |       |       |       |       |       |       |       |     1 |     2 ||     3
         Phantom mirror    |       |       |       |       |       |       |       |     1 |     2 ||     3
    Use: Scroll            |     1 |     7 |     8 |     5 |    11 |     7 |     6 |     8 |    11 ||    64
         Potion            |       |     1 |       |     1 |     6 |     1 |     6 |     4 |    14 ||    33
 Armour: Robe              |    11 |    24 |    20 |    25 |    63 |    70 |    61 |    57 |    70 ||   401
  Dodge: Dodged            |    71 |   139 |   103 |   242 |   434 |   452 |   330 |   476 |   683 ||  2930
  Block: Other             |       |       |       |       |    97 |    33 |       |       |       ||   130
         Reflection        |       |       |       |       |     4 |     9 |       |       |       ||    13

Table legend: (Time is in decaauts)
 A = Elapsed time spent in this place.
 B = Non-inter-level travel time spent in this place.
 C = Inter-level travel time spent in this place.
 D = Time resting spent in this place.
 E = Time spent auto-exploring this place.
 F = Levels seen in this place.
 G = Mean time per level.
                   A        B        C        D        E       F      G
               +--------+--------+--------+--------+--------+-----+--------+
         Total |  73939 |  62378 |  11561 |   8611 |  34441 |  50 | 1478.8 |
       Dungeon |  21824 |  16494 |   5330 |   1531 |  10965 |  15 | 1454.9 |
        Temple |     27 |     27 |      0 |      0 |      6 |   1 |   27.0 |
          Lair |  10959 |   8226 |   2733 |    961 |   5035 |   5 | 2191.8 |
        Shoals |   7114 |   6707 |    407 |    906 |   4285 |   4 | 1778.5 |
     Snake Pit |   6351 |   5761 |    590 |    781 |   3189 |   4 | 1587.8 |
    Slime Pits |   5707 |   5537 |    170 |   1713 |   1697 |   5 | 1141.4 |
  Orcish Mines |   2284 |   1595 |    689 |    180 |    929 |   2 | 1142.0 |
   Elven Halls |   5545 |   4863 |    682 |    960 |   1787 |   3 | 1848.3 |
        Vaults |   7762 |   6893 |    869 |    591 |   4191 |   5 | 1552.4 |
        Depths |   2851 |   2765 |     86 |    180 |   1890 |   2 | 1425.5 |
         Trove |    400 |    400 |      0 |      0 |     98 |   1 |  400.0 |
         Sewer |    608 |    608 |      0 |    135 |    165 |   1 |  608.0 |
      Ice Cave |   1512 |   1512 |      0 |    607 |     10 |   1 | 1512.0 |
    Desolation |    988 |    988 |      0 |     65 |    193 |   1 |  988.0 |
               +--------+--------+--------+--------+--------+-----+--------+

Top non-repeatable levels by time:
     D:8: 2672 daAuts
Vaults:2: 2485 daAuts
  Lair:1: 2452 daAuts
  Lair:3: 2389 daAuts
  Lair:5: 2227 daAuts
  Lair:4: 2219 daAuts
Shoals:4: 2167 daAuts
    D:12: 2076 daAuts
Vaults:4: 1999 daAuts
   Elf:3: 1936 daAuts
    D:11: 1933 daAuts
 Snake:4: 1903 daAuts
   Elf:2: 1896 daAuts
Shoals:3: 1867 daAuts
Vaults:1: 1741 daAuts
